 Dungeon Crawl Stone Soup version 0.28-a0-991-g956f0ee3d5 (webtiles) character file.

Game seed: 6151193351730560370

25 Hipnos the Bolt Thrower (level 2, 0/25 HPs)
             Began as a Minotaur Hunter on Dec 4, 2021.
             Slain by a gnoll (12 damage)
             ... on level 2 of the Dungeon.
             The game lasted 00:01:05 (1366 turns).

Hipnos the Bolt Thrower (Minotaur Hunter)           Turns: 1366, Time: 00:01:05

Health: 0/25       AC:  3    Str: 16    XL:     2   Next: 82%
Magic:  1/1        EV: 11    Int:  8    God:
Gold:   68         SH:  0    Dex: 10    Spells: 1/1 levels left

rFire   . . .      SeeInvis .   a - +1 hand crossbow
rCold   . . .      Faith    .   (no shield)
rNeg    . . .      Spirit   .   c - +0 leather armour
rPois   .          Reflect  .   (helmet restricted)
rElec   .          Harm     .   (no cloak)
rCorr   .          Rampage  .   (no gloves)
Will    .....                   (no boots)
Stlth   +.........              (no amulet)
HPRegen 0.08/turn               (no ring)
MPRegen 0.07/turn               (no ring)

@: no status effects
A: horns 2, retaliatory headbutt
a: no special abilities


You were on level 2 of the Dungeon.
You visited 1 branch of the dungeon, and saw 2 of its levels.

You collected 68 gold pieces.

Inventory:

Hand Weapons
 a - a +1 hand crossbow (weapon)
 b - a +0 short sword
Missiles
 d - 5 bolts (quivered ammo)
Armour
 c - a +0 leather armour (worn)
Scrolls
 e - 2 scrolls of teleportation {unknown}
 f - a scroll of identify {unknown}
 h - a scroll of fear {unknown}
Potions
 g - a potion of curing {unknown}
 i - a potion of lignification {unknown}


   Skills:
 + Level 2.6 Fighting
 + Level 5.1 Crossbows
 + Level 0.7 Armour
 + Level 2.3 Dodging
 + Level 0.7 Stealth


You had one spell level left.
You didn't know any spells.
Your spell library was empty.

Dungeon Overview and Level Annotations

Branches:
Dungeon (2/15)

Altars:


Innate Abilities, Weirdness & Mutations

You have a pair of horns on your head.
You reflexively headbutt those who attack you in melee.


Message History

You see here a hobgoblin corpse. 2 gnolls come into view.
There are monsters nearby!
There are monsters nearby!
There are monsters nearby!
You shoot a bolt. The bolt completely misses the gnoll.
You shoot a bolt. The bolt hits the gnoll!
The gnoll is almost dead.
You shoot a bolt. The bolt barely misses the gnoll.
You shoot a bolt.
The bolt hits the gnoll but does no damage.
The gnoll closely misses you.
You shoot a bolt. The bolt hits the gnoll!
The gnoll is severely wounded.
The gnoll closely misses you.
You shoot a bolt. The bolt barely misses the gnoll.
The gnoll barely misses you.
The gnoll hits you from afar with a +0 halberd.
You shoot a bolt.
The bolt hits the gnoll but does no damage.
The gnoll is severely wounded.
The gnoll hits you from afar with a +0 halberd!
You are too injured to fight recklessly!
You are too injured to fight recklessly!
You are too injured to fight recklessly!
Fire: 7 bolts
Press: ? - help, Q - select action Shift-Dir - straight line, f/p - gnoll
Aim: a gnoll, wielding a +0 halberd (severely wounded, 68% to hit)
You shoot a bolt.
The bolt hits the gnoll but does no damage.
The gnoll is severely wounded.
The gnoll closely misses you.
Fire: 6 bolts
Press: ? - help, Q - select action Shift-Dir - straight line, f/p - gnoll
Aim: a gnoll, wielding a +0 halberd (severely wounded, 68% to hit)
You shoot a bolt.
The bolt hits the gnoll but does no damage.
The gnoll is severely wounded.
The gnoll hits you from afar with a +0 halberd!
You die...

# #. # #. # #. #
#( # #g # #(
########### #
#.######.........#
#
#..gg.@..#######.#
# ##########
#.###### #.......
########


You could see 2 gnolls.

Vanquished Creatures
  4 endoplasms
  3 giant cockroaches
  2 goblins
  3 hobgoblins
  A quokka (D:1)
  A ball python (D:1)
  3 bats
  3 frilled lizards
  2 kobolds
  A rat (D:1)
23 creatures vanquished.

Notes
Turn   | Place    | Note
-------+----------+-------------------------------------------
     0 | D:1      | Hipnos the Minotaur Hunter began the quest for the Orb.
     0 | D:1      | Reached XP level 1. HP: 18/18 MP: 0/0
   250 | D:1      | Reached XP level 2. HP: 25/25 MP: 1/1
   528 | D:1      | Reached skill level 5 in Crossbows
   832 | D:1      | Found a faded altar of an unknown god.
  1366 | D:2      | Slain by a gnoll

Illustrated notes

Levels and vault maps discovered:
D:1:      kennysheep_arrival_forest, layout_loops_corners,
          hellmonk_ecumenical_altar_inner_sanctum, serial_rivers,
          chequers_serial_rivers_large_a, chequers_serial_rivers_large_b,
          chequers_serial_rivers_room_b, chequers_serial_rivers_micro_b,
          chequers_serial_rivers_marsh, chequers_serial_rivers_micro_a
D:2:      minmay_roachtagon, layout_loops_ring, minmay_octomino_c4

Skill      XL: |  1  2 |
---------------+-------+-----
Crossbows      | 5 |  5.1
Fighting       | |  2.6
Armour         | |  0.7
Dodging        | |  2.3
Stealth        | |  0.7

Action                   || total
-------------------------++-------
 Fire: Hand crossbow     ||    52
Dodge: Dodged            ||     9

Table legend: (Time is in decaauts)
 A = Elapsed time spent in this place.
 B = Non-inter-level travel time spent in this place.
 C = Inter-level travel time spent in this place.
 D = Time resting spent in this place.
 E = Time spent auto-exploring this place.
 F = Levels seen in this place.
 G = Mean time per level.
                   A        B        C        D        E       F      G
               +--------+--------+--------+--------+--------+-----+--------+
         Total |   1422 |   1372 |     50 |      0 |   1248 |   2 |  711.0 |
       Dungeon |   1422 |   1372 |     50 |      0 |   1248 |   2 |  711.0 |
               +--------+--------+--------+--------+--------+-----+--------+

Top non-repeatable levels by time:
     D:1: 1178 daAuts
     D:2: 243 daAuts
